 Dungeon Crawl Stone Soup version 0.31.0-11-ge490571c62 (webtiles) character file.

Game seed: 14359247149465352990

2695 gohu the Cleaver (level 9, 0/71 HPs)
             Began as a Hill Orc Fighter on Jan 26, 2024.
             Was a Follower of Hepliaklqana.
             Slain by an orc warrior
             ... wielding a +0 hand axe
              (7 damage)
             ... in a bailey.
             The game lasted 00:17:56 (6136 turns).

gohu the Cleaver (Hill Orc Fighter)                 Turns: 6136, Time: 00:17:57

Health: 0/71       AC: 17    Str: 23    XL:     9   Next: 65%
Magic:  9/9        EV:  6    Int: 14    God:    Hepliaklqana [*.....]
Gold:   61         SH:  5    Dex: 10    Spells: 8/8 levels left

rFire   . . .        a - +0 war axe
rCold   . . .        c - +0 buckler
rNeg    + . .        F - +0 plate armour
rPois   +            j - +0 helmet
rElec   .            (no cloak)
rCorr   .            J - +1 pair of gloves of the Gastropod {^Drain rPois Int+6 Stlth+}
SInv    .            q - +0 pair of boots
Will    .....        (no amulet) Stlth
                     r - ring of positive energy
HPRegen 0.31/turn    (no ring)
MPRegen 0.11/turn

%: no passive effects
@: no status effects
A: reduced essence
a: Renounce Religion, Recall Ancestor, Ancestor Identity


You were in a bailey.
You worshipped Hepliaklqana.
Hepliaklqana was aware of your devotion.
You visited 1 branch of the dungeon, and saw 7 of its levels.
You also visited: Bailey.

You collected 419 gold pieces.
You spent 358 gold pieces at shops.

Inventory:

Hand Weapons
 a - a +0 war axe (weapon)
Missiles
 n - 2 boomerangs (quivered)
 A - a throwing net
Armour
 b - a +0 scale mail
 c - a +0 buckler (worn)
 j - a +0 helmet (worn)
 q - a +0 pair of boots (worn)
 F - a +0 plate armour (worn)
 J - the +1 pair of gloves of the Gastropod (worn) {^Drain rPois Int+6 Stlth+}
   (You bought it in a shop on level 2 of the Dungeon)

   Int+6:     It affects your intelligence (+6).
   rPois:     It protects you from poison ^Drain: It drains your maximum health
   when unequipped.
   Stlth+:    It makes you more stealthy.
Jewellery
 r - a ring of positive energy (left hand)
 s - a ring of positive energy
 L - an amulet of reflection
Wands
 u - a wand of light (5)
 E - a wand of mindburst (18)
 H - a wand of iceblast (19)
Scrolls
 e - a scroll of poison
 g - 2 scrolls of torment {unknown}
 i - a scroll of enchant weapon
 l - 3 scrolls of fear
 m - a scroll of teleportation
 p - a scroll of immolation
 t - a scroll of blinking
 w - a scroll of amnesia
 y - 2 scrolls of summoning {unknown}
 C - 2 scrolls of enchant armour {unknown}
 G - a scroll of vulnerability {unknown}
 K - a scroll of fog {unknown}
Potions
 d - a potion of enlightenment
 f - a potion of attraction {unknown}
 h - 2 potions of curing {unknown}
 k - 2 potions of brilliance {unknown}
 o - a potion of cancellation {unknown}
 v - a potion of degeneration {unknown}
 x - 4 potions of heal wounds {unknown}
 z - a potion of resistance {unknown}
 B - a potion of invisibility {unknown}
 D - a potion of berserk rage {unknown}
 I - a potion of magic {unknown}


   Skills:
 + Level 7.0 Fighting
 * Level 13.1 Axes
 + Level 2.2 Throwing
 + Level 5.9 Armour
 + Level 5.0 Shields
 + Level 0.6 Evocations


You had 8 spell levels left.
You didn't know any spells.
Your spell library contained the following spells:

 Spells                   Type           Power      Damage    Failure   Level
 Gell's Gravitas          Tloc           0%         N/A       100%        3
 Teleport Other           Tloc           0%         N/A       100%        3
 Dispersal                Tloc           0%         N/A       100%        6


Dungeon Overview and Level Annotations

Branches:
Dungeon (7/15)             Bailey (1/1)
 Temple: D:4-7

Altars:
Hepliaklqana
Nemelex Xobeh
Okawaru
Ru
Xom

Shops:
D:2 [   D:5 (??:?

Annotations:
D:2 exclusion: downstairs
D:6 Jeremiah; VAZYLA's ghost, novice GrFi


Message History

You hit the hobgoblin.
You kill the hobgoblin!
You hit the orc warrior.
The orc warrior is lightly wounded.
You barely miss the orc warrior.
The orc warrior is lightly wounded.
The orc warrior hits you with a +0 hand axe.
* * * LOW HITPOINT WARNING * * *
You hit the orc warrior.
The orc warrior is moderately wounded.
The orc warrior hits you but does no damage.
You hit the orc warrior.
The orc warrior is moderately wounded.
The orc warrior barely misses you.
You hit the orc warrior but do no damage.
The orc warrior is moderately wounded.
You block the orc warrior's attack.
You slash the orc warrior!
The orc warrior is severely wounded.
The orc warrior hits you with a +0 hand axe!
* * * LOW HITPOINT WARNING * * *
You closely miss the orc warrior.
The orc warrior is severely wounded.
The orc warrior hits you but does no damage.
You hit the orc warrior.
The orc warrior is almost dead.
The orc warrior hits you but does no damage.
You completely miss the orc warrior.
The orc warrior is almost dead.
The orc warrior hits you with a +0 hand axe.
* * * LOW HITPOINT WARNING * * *
You closely miss the orc warrior.
The orc warrior is almost dead.
The orc warrior hits you but does no damage.
You closely miss the orc warrior.
The orc warrior is almost dead.
You hit the orc warrior.
The orc warrior is almost dead.
The orc warrior hits you with a +0 hand axe!
You die...

##.........###....
#...........#.....
#...........)g.g..
#.....⌠.....#.....
#...........#g....
#)))........#.....
♣♣♣♣♣♣
###gg.......###....
♣♣....♣♣♣
###.#o#.....### ##..
♣.....♣.♣###...@)###.###
##
♣♣......##.........###
♣.......#...........#
♣.......'...))......#
♣..∩.∩..'...).⌠.....#
♣.......'...).......#
♣.......#...........#
♣♣......##.........##
♣....♣.♣###.....###


You could see an orc warrior and 2 hobgoblins.

Vanquished Creatures
  Sigmund (D:3)
  6 yaks (D:4)
  4 orc warriors (Bailey)
  An ice beast (D:5)
  A black bear (D:4)
  2 ogres
  2 scorpions (D:5)
  A jelly (D:4)
  5 hounds
  An orc priest (D:3)
  4 iguanas (D:5)
  Ijyb (D:3)
  Natasha (thrice) (D:2)
  3 orc wizards
  Robin (D:3)
  10 gnolls
  6 adders
  An ufetubus (D:5)
  8 dart slugs
  A ribbon worm (D:2)
  16 orcs
  6 bats
  7 endoplasms
  4 giant cockroaches
  22 goblins
  12 hobgoblins
  7 quokkas
  22 ball pythons
  3 frilled lizards
  8 kobolds
  6 rats
175 creatures vanquished.

Vanquished Creatures (collateral kills)
  An ufetubus (D:5)
  2 orcs
  4 goblins
7 creatures vanquished.

Vanquished Creatures (others)
  3 ancestors
3 creatures vanquished.

Grand Total: 185 creatures vanquished

Notes
Turn   | Place    | Note
-------+----------+-------------------------------------------
     0 | D:1      | gohu the Hill Orc Fighter began the quest for the Orb.
     0 | D:1      | Reached XP level 1. HP: 19/19 MP: 1/1
     0 | D:1      | Noticed a shadow dragon
     0 | D:1      | Noticed a tentacled monstrosity
     1 | D:1      | Noticed an iron dragon
     3 | D:1      | Noticed a shadow dragon
     3 | D:1      | Noticed an iron dragon
     6 | D:1      | Noticed an orb of fire
     7 | D:1      | Noticed an iron dragon
     8 | D:1      | Noticed a purple draconian
     9 | D:1      | Noticed an orb of fire
    11 | D:1      | Noticed a purple draconian
    11 | D:1      | Noticed a shadow dragon
    13 | D:1      | Noticed an ice dragon
    15 | D:1      | Noticed a tentacled monstrosity
    17 | D:1      | Noticed an ice dragon
    17 | D:1      | Noticed an iron dragon
    17 | D:1      | Noticed an iron dragon
    19 | D:1      | Noticed an ice dragon
    19 | D:1      | Noticed an iron dragon
    21 | D:1      | Noticed a shadow dragon
   156 | D:1      | Reached skill level 3 in Axes
   159 | D:1      | Reached XP level 2. HP: 27/27 MP: 2/2
   399 | D:1      | Reached XP level 3. HP: 33/33 MP: 3/3
   816 | D:1      | Reached skill level 4 in Axes
  1214 | D:3      | Noticed Robin
  1214 | D:3      | Noticed Sigmund
  1432 | D:2      | Reached XP level 4. HP: 33/40 MP: 4/4
  1674 | D:2      | Noticed Natasha
  1678 | D:2      | Killed Natasha
  1679 | D:2      | Reached skill level 5 in Axes
  1721 | D:2      | Found Niffangi's Antique Armour Shoppe.
  1744 | D:2      | Noticed Natasha
  1836 | D:2      | Killed Natasha
  1837 | D:2      | Reached XP level 5. HP: 24/46 MP: 5/5
  1936 | D:2      | Noticed Natasha
  1945 | D:2      | Killed Natasha
  2140 | D:4      | Reached skill level 6 in Axes
  2153 | D:4      | You fall into a shaft and drop 2 floors!
  2169 | D:6      | Noticed Jeremiah
  2185 | D:5      | Entered Level 5 of the Dungeon
  2185 | D:5      | Found Sewei's Magic Scroll Boutique.
  2203 | D:5      | Reached XP level 6. HP: 47/53 MP: 6/6
  2211 | D:5      | Bought a scroll of blinking for 82 gold pieces
  2211 | D:5      | Bought a scroll of identify for 22 gold pieces
  2211 | D:5      | Bought a scroll of fear for 44 gold pieces
  2213 | D:5      | Bought a scroll of noise for 11 gold pieces
  2242 | D:5      | Found Kaulior's Book Shoppe.
  2382 | D:4      | Found a shimmering altar of Xom.
  2382 | D:4      | Found a sparkling altar of Nemelex Xobeh.
  2515 | D:4      | Found a sacrificial altar of Ru.
  2552 | D:4      | Found a hazy altar of Hepliaklqana.
  2558 | D:4      | Became a worshipper of Hepliaklqana the Forgotten
  2590 | D:4      | Reached skill level 7 in Axes
  2738 | D:3      | Killed Robin
  2905 | D:3      | Killed Sigmund
  2906 | D:3      | Reached skill level 8 in Axes
  2906 | D:3      | Reached skill level 1 in Throwing
  2906 | D:3      | Reached XP level 7. HP: 59/60 MP: 7/7
  3352 | D:3      | Noticed Ijyb
  3372 | D:3      | Killed Ijyb
  3484 | D:3      | Found a faded altar of an unknown god.
  3873 | D:4      | Noticed a yak
  3873 | D:4      | Noticed a yak
  3886 | D:4      | Killed a yak
  3887 | D:4      | Reached skill level 5 in Fighting
  3887 | D:4      | Reached skill level 9 in Axes
  3939 | D:4      | Noticed a yak
  3941 | D:4      | Noticed a yak
  3949 | D:4      | Noticed a yak
  3950 | D:4      | Killed a yak
  3951 | D:4      | Reached XP level 8. HP: 54/68 MP: 8/8
  3952 | D:4      | Noticed a yak
  4024 | D:4      | Killed a yak
  4025 | D:4      | Reached skill level 10 in Axes
  4025 | D:4      | Reached skill level 5 in Armour
  4027 | D:4      | Killed a yak
  4031 | D:4      | Killed a yak
  4032 | D:4      | Reached skill level 11 in Axes
  4157 | D:4      | Killed a yak
  4253 | D:4      | Reached XP level 9. HP: 67/75 MP: 9/9
  4283 | D:4      | Reached skill level 12 in Axes
  4347 | D:4      | Reached * piety under Hepliaklqana
  4728 | D:5      | Found an iron altar of Okawaru.
  4875 | D:2      | Bought a pair of warped gloves for 199 gold pieces
  4875 | D:2      | Identified the +1 pair of gloves of the Gastropod {^Drain
                  | rPois Int+6 Stlth+} (You bought it in a shop on level 2 of
                  | the Dungeon)
  5068 | D:5      | Found Zuehocig's Magic Scroll Shoppe.
  5295 | D:5      | Found Wiucrih's Magic Scroll Shop.
  5698 | D:5      | Found Wueg's Weapon Boutique.
  5894 | D:6      | Noticed VAZYLA's ghost (novice GrFi)
  5922 | D:7      | Found a flagged portal.
  5936 | Bailey   | Entered a bailey
  6109 | Bailey   | Reached skill level 13 in Axes
  6109 | Bailey   | Reached skill level 5 in Shields
  6136 | Bailey   | Slain by an orc warrior

Illustrated notes

Levels and vault maps discovered:
D:1:      shiori_arrival_whats_in_store_for_you, layout_basic
D:2:      layout_loops_cross, serial_shops, shop, kennysheep_generic_room_6,
          uniq_natasha
D:3:      layout_loops_cross, hellmonk_ecumenical_altar_heavens_door,
          minmay_stone_trees_small, cheibrodos_gnoll_hut, uniq_ijyb, uniq_robin,
          uniq_sigmund
D:4:      minmay_bubble_buster, layout_loops_cross, nzn_hepliaklqana_mist_gate,
          nicolae_overflow_two_pavilions, nicolae_ru_great_annihilating_truth
D:5:      layout_basic, mainiacjoe_overflow_24_doors, serial_shops, shop,
          nicolae_shop_rolling_square, shop, nicolae_book_shop_shelving,
          nicolae_square_shop, chequers_serial_rivers_room_b,
          kennysheep_generic_room_7
D:6:      layout_basic, gammafunk_temple_overflow_claw, kennysheep_mini,
          hellmonk_ghost_happy_afterlife, uniq_jeremiah
D:7:      layout_layer_cave, minmay_temple_entry_gardened_gates,
          lightli_bailey_entry_fortress
Bailey:   bailey_axe_minmay_hex_keep, bailey

Skill      XL: |  1  2  3  4  5  6  7  8  9 |
---------------+----------------------------+-----
Axes           | 3 4 5 6 8 9 11 13 | 13.1
Fighting       | 4 5 7 |  7.0
Armour         | 4 5 |  5.9
Throwing       | 1 2 |  2.2
Shields        | 4 5 |  5.0
Evocations     | |  0.6

Action                     |  1- 3 |  4- 6 |  7- 9 || total
---------------------------+-------+-------+-------++-------
  Melee: War axe           |   136 |   147 |   266 ||   549
  Throw: Boomerang         |       |    23 |    25 ||    48
  Evoke: Wand              |       |       |     5 ||     5
    Use: Potion            |       |       |     1 ||     1
         Scroll            |       |       |     6 ||     6
   Stab: Paralysed         |       |     1 |       ||     1
 Armour: Scale mail        |    83 |   110 |    44 ||   237
         Plate armour      |       |       |   151 ||   151
  Dodge: Dodged            |    70 |    51 |    75 ||   196
  Block: Buckler           |    34 |    34 |    48 ||   116
